 Dungeon Crawl Stone Soup version 0.30-a0-900-g23479c02f2 (webtiles) character file.

Game seed: 2607703040146406170

8010 cheesebisquit the Grappler (level 11, -11/101 HPs)
             Began as a Ghoul Monk on Mar 18, 2023.
             Was an Elder of Makhleb.
             Hit by a large rock thrown by a cyclops (43 damage)
             ... on level 11 of the Dungeon.
             The game lasted 00:36:30 (10405 turns).

cheesebisquit the Grappler (Ghoul Monk)            Turns: 10405, Time: 00:36:30

Health: -11/101    AC: 10    Str: 20    XL:     11   Next: 24%
Magic:  0/16       EV: 17    Int:  5    God:    Makhleb [****..]
Gold:   579        SH:  0    Dex: 11    Spells: 10/10 levels left

rFire   . . .      SeeInvis .      - Unarmed
rCold   + . .      Faith    .    (no shield)
rNeg    + + +      Spirit   +    o - +2 robe {Will+}
rPois   ∞          Reflect  .    d - +1 helmet
rElec   .          Rampage  .    h - +2 cloak {rCorr}
rCorr   +                        (no gloves)
Will    +....                    a - +0 pair of boots
Stlth   ++                       v - amulet of guardian spirit
HPRegen 0.00/turn                k - +5 ring of evasion
MPRegen 0.15/turn                (no ring)

@: inhibited regen, studying Unarmed Combat
A: claws 1, cold resistance 1, negative energy resistance 3, inhibited
regeneration, torment resistance 2, devour on kill
a: Renounce Religion, Minor Destruction, Lesser Servant of Makhleb, Major
Destruction


You were on level 11 of the Dungeon.
You worshipped Makhleb.
Makhleb was greatly pleased with you.
You visited 2 branches of the dungeon, and saw 12 of its levels.

You collected 579 gold pieces.

Inventory:

Missiles
 j - 3 boomerangs of dispersal
 p - 2 boomerangs
 y - 10 poisoned darts (quivered)
 D - 3 curare-tipped darts
 I - 6 atropa-tipped darts
Armour
 a - a +0 pair of boots (worn)
 d - a +1 helmet (worn)
 h - a +2 cloak of preservation (worn)
 m - the +0 pair of gloves "Wawomu" {MP+9 Int+3}
   (You acquired it on level 4 of the Dungeon)

   Int:       It affects your intelligence (+3).
   MP:        It affects your magic capacity (+9).
 o - a +2 robe of willpower (worn)
Jewellery
 i - an amulet of the acrobat
 k - a +5 ring of evasion (left claw)
 v - an amulet of guardian spirit (around neck)
Wands
 e - a wand of iceblast (8)
 w - a wand of paralysis (11)
 x - a wand of mindburst (21)
 C - a wand of flame (5)
Scrolls
 b - 2 scrolls of teleportation
 n - 2 scrolls of immolation {unknown}
 q - a scroll of fog
 u - a scroll of brand weapon {unknown}
 A - a scroll of enchant weapon {unknown}
 E - 3 scrolls of identify
 G - a scroll of summoning {unknown}
 H - a scroll of torment {unknown}
Potions
 c - 2 potions of mutation
 f - 4 potions of attraction
 g - 3 potions of degeneration {unknown}
 l - a potion of lignification
 r - 2 potions of brilliance {unknown}
 s - a potion of magic {unknown}
 t - a potion of heal wounds
 z - 2 potions of haste
 B - a potion of flight {unknown}
 F - a potion of resistance


   Skills:
 + Level 10.3 Fighting
 - Level 2.6 Dodging
 - Level 2.1 Stealth
 * Level 14.1 Unarmed Combat
 + Level 8.1 Invocations


You had 10 spell levels left.
You didn't know any spells.
Your spell library contained the following spells:

 Spells                   Type           Power      Damage    Failure   Level
 Apportation              Tloc           0%         N/A       47%         1
 Cigotuvi's Dreadful Rot  Necr/Pois/Air  0%         N/A       63%         2
 Poisonous Vapours        Pois/Air       0%         N/A       63%         2
 Call Canine Familiar     Summ           0%         N/A       85%         3
 Dazzling Flash           Conj/Hex       0%         N/A       85%         3
 Mephitic Cloud           Conj/Pois/Air  0%         N/A       85%         3
 Ozocubu's Armour         Ice            0%         N/A       85%         3
 Portal Projectile        Hex/Tloc       0%         N/A       85%         3
 Dispel Undead            Necr           0%         3d6       99%         4
 Leda's Liquefaction      Hex/Erth       0%         N/A       99%         4
 Agony                    Necr           0%         N/A       100%        5
 Alistair's Intoxication  Tmut/Pois      0%         N/A       100%        5
 Silence                  Hex/Air        0%         N/A       100%        5
 Death Channel            Necr           0%         N/A       100%        6
 Ozocubu's Refrigeration  Ice            0%         4d7       100%        7
 Summon Hydra             Summ           0%         N/A       100%        7
 Sublimation of Blood     Necr           Unusable   N/A       N/A         2
 Wereblood                Tmut           Unusable   N/A       N/A         2

Dungeon Overview and Level Annotations

Branches:
Dungeon (11/15)            Temple (1/1) D:5            Lair (0/5) D:8
    Orc (0/2) D:11

Altars:
Ashenzari
Cheibriados
Dithmenos
Fedhas
Gozag
Hepliaklqana
Kikubaaqudgha
Makhleb
Nemelex Xobeh
Okawaru
Qazlal
Ru
Sif Muna
Trog
Uskayaw
Vehumet
Wu Jian
Xom
Yredelemnul

Shops:
D:9 (

Annotations:
D:9 3 runed translucent doors, relicbr's ghost, novice SpDe


Innate Abilities, Weirdness & Mutations

You are immune to poison.
You have sharp fingernails.
Your flesh is cold resistant. (rC+)
You are immune to negative energy. (rN+++)
You do not regenerate when monsters are visible.
You are immune to unholy pain and torment.
You thrive by killing the living.


Message History

The cyclops looks even sicker.
Throw: 13 darts (poison)
Press: ? - help, Q - select action, (/) - cycle Shift-Dir - straight line, f/p - cyclops
Aim: a cyclops, quivering large rocks (lightly wounded, very poisoned, 86% to hit)
You throw a poisoned dart. The poisoned dart hits the cyclops.
The cyclops is lightly wounded.
The cyclops throws a large rock.
The large rock closely misses you.
Throw: 12 darts (poison)
Press: ? - help, Q - select action, (/) - cycle Shift-Dir - straight line, f/p - cyclops
Aim: a cyclops, quivering large rocks (lightly wounded, very poisoned, 86% to hit)
You throw a poisoned dart. The poisoned dart hits the cyclops.
The cyclops looks as sick as possible!
The cyclops is lightly wounded.
The cyclops throws a large rock.
The large rock hits you!!
* * * LOW HITPOINT WARNING * * *
Okay, then.
You feel much better.
The cyclops throws a large rock.
The large rock barely misses you.
You feel much better.
A demon appears!
The cyclops throws a large rock.
The large rock hits you!!
The cyclops throws a large rock.
The large rock closely misses your ynoxinul.
The large rock barely misses you.
The cyclops throws a large rock.
The large rock hits your ynoxinul!
The cyclops throws a large rock.
The large rock hits your ynoxinul!
Your ynoxinul hits the cyclops. Your ynoxinul hits the cyclops!
The cyclops throws a large rock.
The large rock hits your ynoxinul!!
Your ynoxinul dies!
Your ynoxinul disappears in a puff of smoke!
You are too injured to fight recklessly!
Throw: 11 darts (poison)
Press: ? - help, Q - select action, (/) - cycle Shift-Dir - straight line, f/p - cyclops
Aim: a cyclops, quivering large rocks (heavily wounded, very poisoned, 86% to hit)
You throw a poisoned dart. The poisoned dart hits the cyclops.
The cyclops looks even sicker.
The cyclops is heavily wounded.
The cyclops throws a large rock.
The large rock hits you!!!
You die...

#......>....#
#.#.........#
#.#.........#
#.#.........#
#.#.........# #
#.#.........# #.##
#...........# ....
#.......#####
##.#..####@#######
......C§...#
####.(###### #( #


You could see a cyclops (very poisoned).

Vanquished Creatures
  A cyclops (D:11)
  Psyche (D:9)
  A troll (D:9)
  A wraith (D:9)
  A shadow (D:9)
  8 yaks
  2 vampires (D:9)
  3 wyverns (D:9)
  3 steam dragons
  3 wargs (D:8)
  A water moccasin (D:7)
  6 orc warriors
  2 ice beasts
  2 black bears
  An ogre (D:5)
  4 centaurs
  A phantom (D:6)
  2 kobold brigands (D:9)
  4 bullfrogs
  A gnoll sergeant (D:9)
  6 wights
  3 scorpions
  21 killer bees
  2 howler monkeys (D:9)
  6 hounds
  4 jellies
  4 orc priests
  A sleepcap (D:7)
  3 iguanas
  5 orc wizards
  6 adders
  3 gnolls (D:4)
  2 white imps (D:5)
  A dart slug (D:2)
  A worm (D:5)
  35 orcs
  6 bats
  9 endoplasms
  4 giant cockroaches
  A goblin (D:1)
  2 hobgoblins
  4 jackals (D:1)
  5 quokkas
  10 ball pythons
  2 frilled lizards (D:1)
  3 kobolds
  5 rats
202 creatures vanquished.

Vanquished Creatures (others)
  A plant (D:8)
1 creature vanquished.

Grand Total: 203 creatures vanquished

Notes
Turn   | Place    | Note
-------+----------+-------------------------------------------
     0 | D:1      | cheesebisquit the Ghoul Monk began the quest for the Orb.
     0 | D:1      | Reached XP level 1. HP: 19/19 MP: 0/0
    96 | D:1      | Found a faded altar of an unknown god.
   109 | D:1      | Reached XP level 2. HP: 9/26 MP: 1/1
   399 | D:1      | Reached skill level 4 in Unarmed Combat
   571 | D:1      | You fall into a shaft and drop 1 floor!
   636 | D:2      | Reached XP level 3. HP: 28/33 MP: 2/2
  1959 | D:3      | Reached XP level 4. HP: 25/40 MP: 3/3
  2123 | D:3      | Reached skill level 5 in Unarmed Combat
  2923 | D:4      | Identified 2 scrolls of acquirement
  2924 | D:4      | Acquired a +2 cloak of preservation
  2931 | D:4      | Acquired the +0 pair of gloves "Wawomu" {MP+9 Int+3}
  2967 | D:4      | Reached XP level 5. HP: 47/47 MP: 4/4
  3246 | D:4      | Reached skill level 6 in Unarmed Combat
  3395 | D:4      | Reached XP level 6. HP: 55/55 MP: 5/5
  3456 | D:4      | Noticed a black bear
  3462 | D:4      | Killed a black bear
  3463 | D:4      | Reached skill level 5 in Fighting
  3595 | D:4      | Found a sparkling altar of Nemelex Xobeh.
  3911 | D:4      | Found a sparkling altar of Nemelex Xobeh.
  4201 | D:5      | Entered Level 5 of the Dungeon
  4261 | D:5      | Noticed a black bear
  4396 | D:5      | Reached skill level 7 in Unarmed Combat
  4435 | D:5      | Reached XP level 7. HP: 56/61 MP: 6/6
  4527 | D:5      | Found a staircase to the Ecumenical Temple.
  4544 | Temple   | Entered the Ecumenical Temple
  4544 | Temple   | Found a transporter.
  4544 | Temple   | Found a transporter.
  4546 | Temple   | Found a transporter.
  4546 | Temple   | Found a transporter.
  4575 | Temple   | Became a worshipper of Makhleb the Destroyer
  4575 | Temple   | Reached * piety under Makhleb
  4575 | Temple   | Reached ** piety under Makhleb
  4733 | D:5      | Reached skill level 8 in Unarmed Combat
  5011 | D:6      | Noticed a steam dragon
  5023 | D:6      | Killed a steam dragon
  5024 | D:6      | Reached skill level 1 in Invocations
  5024 | D:6      | Reached XP level 8. HP: 71/71 MP: 6/8
  5291 | D:6      | Reached skill level 9 in Unarmed Combat
  6037 | D:7      | Reached skill level 10 in Unarmed Combat
  6037 | D:7      | Reached XP level 9. HP: 79/79 MP: 10/10
  6877 | D:7      | Reached skill level 11 in Unarmed Combat
  6877 | D:7      | Reached skill level 5 in Invocations
  7049 | D:8      | Reached *** piety under Makhleb
  7093 | D:8      | Reached XP level 10. HP: 90/90 MP: 10/13
  7109 | D:8      | Reached skill level 12 in Unarmed Combat
  7340 | D:8      | Found a staircase to the Lair.
  7746 | D:8      | Found a blossoming altar of Fedhas.
  7747 | D:8      | Found an iron altar of Okawaru.
  8135 | D:9      | Noticed Psyche
  8266 | D:9      | Killed Psyche
  8334 | D:9      | Found a runed translucent gate.
  8334 | D:9      | Found a runed translucent gate.
  8334 | D:9      | Found a runed translucent gate.
  8388 | D:9      | Noticed relicbr's ghost (novice SpDe)
  8434 | D:9      | Found Toratz's Weapon Emporium.
  8852 | D:9      | Reached skill level 13 in Unarmed Combat
  9044 | D:9      | Identified the +10 war axe "Vih Dall" {drain, Fragile rF++
                  | rC- Str+10}
  9058 | D:9      | Reached XP level 11. HP: 90/99 MP: 11/15
  9209 | D:9      | Reached skill level 10 in Fighting
  9380 | D:10     | Entered Level 10 of the Dungeon
  9545 | D:10     | Reached **** piety under Makhleb
  9975 | D:10     | Acquired a manual of Unarmed Combat
 10044 | D:11     | Found a staircase to the Orcish Mines.
 10073 | D:11     | Noticed a cyclops
 10085 | D:11     | Killed a cyclops
 10086 | D:11     | Reached skill level 14 in Unarmed Combat
 10386 | D:11     | Noticed a cyclops
 10405 | D:11     | Hit by a large rock thrown by a cyclops

Illustrated notes

Levels and vault maps discovered:
D:1:      zaba_arrival_water, layout_basic,
          hellmonk_ecumenical_altar_dog_temple, hangedman_decor_peaks_small,
          minmay_tiny_reverse_x
D:2:      layout_rooms
D:3:      minmay_evil_eye, layout_basic, minmay_statues_item
D:4:      layout_loops_cross, mainiacjoe_overflow_alcove_4,
          minmay_misc_feat_roman
D:5:      layout_cave_pools, minmay_temple_entry_grid, serial_park_tiny_pond,
          nicolae_fountain_basement
D:6:      layout_loops_ring
D:7:      layout_rooms
D:8:      layout_layer_cave, chequers_temple_overflow_statue_of_worship,
          erik_lair_orcish_takeover, nrook_campfire
D:9:      layout_loops_cross, serial_shops, nicolae_shop_bloodbath_and_beyond,
          gammafunk_ghost_icy, minmay_misc_feat_room,
          nicolae_concentric_dashed_squares_mild, minmay_misc_feat_rugged,
          minmay_misc_feat_columns, kennysheep_kite_vault, uniq_psyche
D:10:     layout_rooms
D:11:     layout_loops_ring, david_orc_3, serial_shops, nicolae_lakefront_shop
Temple:   hellmonk_temple_divided_pantheon

Skill      XL: |  1  2  3  4  5  6  7  8  9 10 11 |
---------------+----------------------------------+-----
Unarmed Combat | 4 5 6 7 8 10 11 13 14 | 14.1
Fighting       | 4 5 6 7 8 9 10 | 10.3
Invocations    | 1 3 5 7 8 |  8.1
Dodging        | |  2.6
Stealth        | |  2.1

Action                     |  1- 3 |  4- 6 |  7- 9 | 10-12 || total
---------------------------+-------+-------+-------+-------++-------
  Melee: Unarmed           |   150 |   105 |   196 |   237 ||   688
         Punch             |     3 |     4 |    10 |    16 ||    33
  Throw: Dart              |       |     6 |    49 |     8 ||    63
         Boomerang         |       |       |    51 |    76 ||   127
 Invoke: Lesser Servant of |       |       |       |     1 ||     1
  Evoke: Wand              |       |       |       |     3 ||     3
    Use: Potion            |     1 |       |     1 |     2 ||     4
         Scroll            |       |     7 |     2 |     4 ||    13
   Stab: Sleeping          |     2 |     4 |     2 |     1 ||     9
         Invisible         |       |       |     2 |       ||     2
         Distracted        |       |       |     1 |       ||     1
 Armour: Robe              |    17 |    19 |    48 |    68 ||   152
         Leather armour    |    14 |     2 |       |       ||    16
  Dodge: Dodged            |   116 |    67 |   152 |   208 ||   543

Table legend: (Time is in decaauts)
 A = Elapsed time spent in this place.
 B = Non-inter-level travel time spent in this place.
 C = Inter-level travel time spent in this place.
 D = Time resting spent in this place.
 E = Time spent auto-exploring this place.
 F = Levels seen in this place.
 G = Mean time per level.
                   A        B        C        D        E       F      G
               +--------+--------+--------+--------+--------+-----+--------+
         Total |  10344 |   9877 |    467 |   1268 |   6669 |  12 |  862.0 |
       Dungeon |  10297 |   9856 |    441 |   1268 |   6663 |  11 |  936.1 |
        Temple |     46 |     20 |     26 |      0 |      6 |   1 |   46.0 |
               +--------+--------+--------+--------+--------+-----+--------+

Top non-repeatable levels by time:
     D:9: 1518 daAuts
     D:8: 1501 daAuts
     D:4: 1287 daAuts
     D:1: 1139 daAuts
     D:3: 1023 daAuts
     D:6: 955 daAuts
     D:2: 765 daAuts
     D:5: 637 daAuts
     D:7: 595 daAuts
    D:10: 536 daAuts
    D:11: 336 daAuts
  Temple: 46 daAuts
